 Dungeon Crawl Stone Soup version 0.30.0-13-g156ef70053 (webtiles) character file.

Game seed: 12830657992537819519

108 Strat the Ruffian (level 4, -1/37 HPs)
             Began as a Ghoul Hedge Wizard on May 18, 2023.
             Slain by a wight
             ... wielding a +3 halberd
              (15 damage)
             ... on level 4 of the Dungeon.
             The game lasted 00:07:22 (3378 turns).

Strat the Ruffian (Ghoul Hedge Wizard)              Turns: 3378, Time: 00:07:22

Health: -1/37      AC:  6    Str: 15    XL:     4   Next: 87%
Magic:  7/7        EV: 10    Int:  9    God:
Gold:   124        SH:  0    Dex:  8    Spells: 5/8 levels left

rFire   . .          .
                       - Unarmed
rCold   + . .        (no shield)
rNeg    + + +        f - +1 ring mail
rPois   ∞            c - +0 hat
rElec   .            (no cloak)
rCorr   .            (no gloves)
SInv    .            (no boots)
Will    .....        (no amulet)
Stlth   +            (no ring)
HPRegen 0.00/turn    (no ring)
MPRegen 0.10/turn

%: no passive effects
@: inhibited regen
A: claws 1, cold resistance 1, negative energy resistance 3, inhibited
regeneration, torment resistance 2, devour on kill
a: no special abilities


You were on level 4 of the Dungeon.
You visited 1 branch of the dungeon, and saw 4 of its levels.

You collected 124 gold pieces.

Inventory:

Missiles
 q - 3 boomerangs
 r - 12 poisoned darts
Armour
 b - a +0 robe
 c - a +0 hat (worn)
 f - a +1 ring mail (worn)
 j - a +0 scale mail
 m - a +0 leather armour
Wands
 a - a wand of flame (15)
Scrolls
 e - a scroll of summoning
 k - a scroll of magic mapping
 o - a scroll of noise
Potions
 d - a potion of magic
 g - a potion of attraction
 h - a potion of heal wounds {unknown}
 i - a potion of curing
 l - a potion of might {unknown}
 s - a potion of brilliance {unknown}


   Skills:
 + Level 2.6 Fighting
 - Level 1.7 Dodging
 - Level 2.1 Stealth
 * Level 3.7 Unarmed Combat
 - Level 2.6 Spellcasting
 - Level 0.7 Conjurations
 - Level 0.8 Summonings
 - Level 0.8 Translocations


You had 5 spell levels left.
You knew the following spells:

 Your Spells              Type           Power      Damage    Failure   Level
a - Magic Dart            Conj           8%         1d3       43%         1
b - Call Imp              Summ           4%         N/A       54%         2

Your spell library contained the following spells:

 Spells                   Type           Power      Damage    Failure   Level
 Slow                     Hex            4%         N/A       52%         1
 Blink                    Tloc           4%         N/A       54%         2
 Cigotuvi's Dreadful Rot  Necr/Pois/Air  2%         N/A       67%         2
 Mephitic Cloud           Conj/Pois/Air  1%         N/A       86%         3
 Ignite Poison            Fire/Tmut/Pois 1%         N/A       88%         3
 Sticky Flame             Conj/Fire      1%         2d3       99%         4
 Ignition                 Fire           0%         3d3       100%        8


Dungeon Overview and Level Annotations

Branches:
Dungeon (4/15)
 Temple: D:4-7

Altars:
Kikubaaqudgha
Makhleb
Uskayaw
Vehumet

Annotations:
D:2 Robin
D:3 Sigmund
D:4 Grinder


Innate Abilities, Weirdness & Mutations

You are immune to poison.
You have sharp fingernails.
Your flesh is cold resistant. (rC+)
You are immune to negative energy. (rN+++)
You do not regenerate when monsters are visible.
You are immune to unholy pain and torment.
You thrive by killing the living.


Message History

You scratch the jelly. The acid corrodes you!
Your claws burn!
* * * LOW HITPOINT WARNING * * *
The jelly is almost dead.
The jelly barely misses you.
You scratch the jelly.
You kill the jelly!
You start resting.
You are no longer corroded.
You start resting.
HP restored.
A hobgoblin comes into view.
The hobgoblin hits you but does no damage.
You barely miss the hobgoblin.
The hobgoblin hits you but does no damage.
You scratch the hobgoblin. You claw the hobgoblin.
You kill the hobgoblin!
No target in view!
No target in view!
No target in view!
h - a red potion Search for what [? for help]? altar
Found a stone staircase leading down.
There is a stone staircase leading down here.
Found a radiant altar of Vehumet.
There is a radiant altar of Vehumet here.
A wight comes into view. It is wielding a +3 halberd.
The goblin shouts!
You scratch the wight but do no damage. The wight hits you with a +3 halberd!
* * * LOW HITPOINT WARNING * * *
You barely miss the wight. You claw the wight, but do no damage.
The wight barely misses you.
You scratch the wight.
The wight is moderately damaged.
The wight hits you with a +3 halberd!
* * * LOW HITPOINT WARNING * * *
You scratch the wight but do no damage.
The wight is moderately damaged.
The wight barely misses you. The wight attacks as you move away!
The wight hits you with a +3 halberd!
You die...

.z...# #.# ####.# #.# # #z#
###########.# ######## # #.#
#.........#.## #.......
####.###.####.......# #.######
..............#z###.######.#
...............#.##........#####
###......####.###z#............#
#...........<#@##.##########.#
#.#########.#.###.# #.#
##.....>.## ###.# #.........#
....# ######.<.(.....# ##..#
#(.............# ....#
#.####.##...#### ##.## #.#
#.##...# ##.# #.# #.##...#


You could see a wight.

Vanquished Creatures
  A jelly (D:4)
  An adder (D:4)
  A dart slug (D:2)
  5 orcs
  4 endoplasms
  A giant cockroach (D:4)
  7 goblins
  9 hobgoblins
  2 jackals (D:2)
  2 quokkas (D:2)
  4 ball pythons (D:1)
  6 bats
  3 frilled lizards
  7 kobolds
  9 rats
62 creatures vanquished.

Notes
Turn   | Place    | Note
-------+----------+-------------------------------------------
     0 | D:1      | Strat the Ghoul Hedge Wizard began the quest for the Orb.
     0 | D:1      | Reached XP level 1. HP: 14/14 MP: 3/3
   349 | D:1      | Reached skill level 1 in Fighting
   349 | D:1      | Reached skill level 1 in Unarmed Combat
   406 | D:1      | Reached XP level 2. HP: 23/23 MP: 4/4
   583 | D:1      | HP: 1/23 [hobgoblin (5)]
   960 | D:2      | Learned a level 2 spell: Call Imp
  1137 | D:2      | Reached skill level 2 in Unarmed Combat
  1137 | D:2      | Reached XP level 3. HP: 19/29 MP: 6/6
  1382 | D:2      | Noticed Robin
  2381 | D:3      | Found an ancient bone altar of Kikubaaqudgha.
  2389 | D:3      | Found a hide-covered altar of Uskayaw.
  2473 | D:3      | Noticed Sigmund
  2566 | D:3      | Reached XP level 4. HP: 25/36 MP: 7/7
  2692 | D:3      | Reached skill level 3 in Unarmed Combat
  2973 | D:4      | Noticed a scorpion
  2989 | D:4      | Noticed Grinder
  3144 | D:4      | Found a burning altar of Makhleb.
  3325 | D:4      | Found a radiant altar of Vehumet.
  3378 | D:4      | Slain by a wight

Illustrated notes

Levels and vault maps discovered:
D:1:      dpeg_arrival_three_smaller_balls, layout_basic
D:2:      layout_loops_cross, minmay_misc_feat_rugged, minmay_split_cup_large,
          uniq_robin
D:3:      kennysheep_big_flooded_room, layout_basic, lemuel_round_altar,
          nicolae_overflow_crystal_walls, uniq_sigmund
D:4:      layout_loops_ring, marbit_many_paths, bloody_makhleb,
          overflow_temple_1_default, lemuel_tele_altar,
          hangedman_decor_opposing, uniq_grinder

Skill      XL: |  1  2  3  4 |
---------------+-------------+-----
Fighting       | 1 2 |  2.6
Unarmed Combat | 1 2 3 |  3.7
Dodging        | |  1.7
Stealth        | |  2.1
Spellcasting   | |  2.6
Conjurations   | |  0.7
Summonings     | |  0.8
Translocations | |  0.8

Action                     |  1- 3 |  4- 6 || total
---------------------------+-------+-------++-------
  Melee: Short sword       |    41 |       ||    41
         Dagger            |     3 |       ||     3
         Unarmed           |   112 |    39 ||   151
         Punch             |     1 |     2 ||     3
   Cast: Magic Dart        |    12 |       ||    12
    Use: Scroll            |    10 |     1 ||    11
   Stab: Sleeping          |     5 |       ||     5
 Armour: Robe              |     8 |       ||     8
         Ring mail         |    46 |    16 ||    62
         Leather armour    |     2 |       ||     2
  Dodge: Dodged            |    80 |    19 ||    99
